 Dungeon Crawl Stone Soup version 0.26.1-10-gdfb7c7de75 (webtiles) character file.

Game seed: 1546100186454710440

28 Chiseanne the Magician (level 2, 4/19 HPs)
             Began as a Demonspawn Hedge Wizard on Apr 5, 2021.
             Quit the game on level 2 of the Dungeon.
             The game lasted 00:01:58 (1645 turns).

Chiseanne the Magician (Demonspawn Hedge Wizard)    Turns: 1645, Time: 00:01:58

Health: 4/19       AC:  2    Str: 10    XL:     2   Next: 96%
Magic:  1/6        EV: 12    Int: 15    God:
Gold:   54         SH:  0    Dex: 12    Spells: 5/8 levels left

rFire    . . .     SeeInvis .   a - +0 dagger
rCold    . . .     Faith    .   (no shield)
rNeg     . . .     Spirit   +   b - +0 robe
rPois    +         Reflect  .   c - +0 hat
rElec    .         Harm     .   (no cloak)
rCorr    .         Rampage  .   (no gloves)
Will     .....     Rnd*Rage +   (no boots)
Stlth    ++........             (no amulet)
HPRegen  0.06/turn              (no ring)
MPRegen  0.10/turn              (no ring)

@: no status effects
A: horns 1, berserk 1, poison resistance, wild magic 1, magic shield
a: no special abilities


You were on level 2 of the Dungeon.
You visited 1 branch of the dungeon, and saw 2 of its levels.

You collected 54 gold pieces.

Inventory:

Hand Weapons
 a - a +0 dagger (weapon)
Missiles
 e - 33 sling bullets
 i - 25 arrows
Armour
 b - a +0 robe (worn)
 c - a +0 hat (worn)
Jewellery
 j - an uncursed ring of protection from fire {unknown}
Scrolls
 d - a scroll of fog {unknown}
 f - a scroll of fear
 k - a scroll of immolation {unknown}
Potions
 h - a potion of curing {unknown}


   Skills:
 - Level 1.7 Dodging
 - Level 1.7 Stealth
 * Level 3.5 Spellcasting
 * Level 2.1 Conjurations
 - Level 1.0 Summonings
 - Level 0.8 Translocations


You had 5 spell levels left.
You knew the following spells:

 Your Spells              Type           Power        Failure   Level
a - Magic Dart            Conj           44%          12%         1
b - Blink                 Tloc           N/A          28%         2

Your spell library contained the following spells:

 Spells                   Type           Power        Failure   Level
 Call Imp                 Summ           7%           26%         2
 Slow                     Hex            3%           36%         2
 Conjure Flame            Conj/Fire      7%           45%         3
 Mephitic Cloud           Conj/Pois/Air  6%           47%         3


Dungeon Overview and Level Annotations

Branches:
Dungeon (2/15)

Altars:


Innate Abilities, Weirdness & Mutations

When hurt, damage is shared between your health and your magic reserves.
You have a pair of small horns on your head.
You tend to lose your temper in combat.
Your system is resistant to poisons. (rPois)
Your spells are a little harder to cast, but a little more powerful.


Message History

You don't have enough magic to cast that spell.
You hit the worm.
The worm is lightly wounded.
The worm barely misses you.
You hit the worm but do no damage.
The worm is lightly wounded.
You completely miss the worm.
The worm is lightly wounded.
The worm bites you.
You hit the worm but do no damage.
The worm is lightly wounded.
The worm bites you!
Ouch! That really hurt!
* * * LOW HITPOINT WARNING * * *
You see here a scroll labelled HIATAM ATHAL.
k - a scroll labelled HIATAM ATHAL It was a potion of mutation.
You feel extremely strange.
You feel resistant to poisons. A pair of horns grows on your head!
You feel a little pissed off.
You feel less in control of your magic.
Are you sure you want to abandon this character and quit the game? (Confirm with "yes".)

.# ..# ## ... .#
#.. $# ..# ##.#
###
#.###.#######.....
#.....w..@....#
##..###########
#.....# #.###.#
#.# # ##.###.###
#†........
#..#.....#
#.....$...


You could see a worm.

Vanquished Creatures
  A dart slug (D:1)
  2 leopard geckos (D:1)
  2 goblins (D:1)
  A hobgoblin (D:2)
  5 bats
  2 frilled lizards (D:1)
  4 kobolds (D:1)
  7 rats
24 creatures vanquished.

Notes
Turn   | Place    | Note
-------+----------+-------------------------------------------
     0 | D:1      | Chiseanne the Demonspawn Hedge Wizard began the quest for
                  | the Orb.
     0 | D:1      | Reached XP level 1. HP: 13/13 MP: 4/4
   319 | D:1      | Gained mutation: When hurt, damage is shared between your
                  | health and your magic reserves. [demonic ancestry]
   319 | D:1      | Reached XP level 2. HP: 18/19 MP: 0/6
  1365 | D:1      | Learned a level 2 spell: Blink
  1644 | D:2      | Gained mutation: Your system is resistant to poisons.
                  | (rPois) [potion of mutation]
  1644 | D:2      | Gained mutation: You have a pair of small horns on your
                  | head. [potion of mutation]
  1644 | D:2      | Gained mutation: You tend to lose your temper in combat.
                  | [potion of mutation]
  1644 | D:2      | Gained mutation: Your spells are a little harder to cast,
                  | but a little more powerful. [potion of mutation]
  1645 | D:2      | Quit the game

Illustrated notes

Levels and vault maps discovered:
D:1:      dpeg_arrival_stone_temple_mockup, layout_loops_ring
D:2:      layout_loops_ring, grunt_temple_overflow_cloverleaf

Skill      XL: |  1  2 |
---------------+-------+-----
Conjurations   | 2 |  2.1
Dodging        | |  1.7
Stealth        | |  1.7
Spellcasting   | |  3.5
Summonings     | |  1.0
Translocations | |  0.8

Action                   || total
-------------------------++-------
Melee: Dagger            ||     9
 Cast: Magic Dart        ||    70
  Use: Scroll            ||     3
       Potion            ||     1
Armor: Robe              ||     1
Dodge: Dodged            ||    10
